 Dungeon Crawl Stone Soup version 0.28.0-43-g3370ac3207 (webtiles) character file.

Game seed: 6733146713470678359

15337 Hrothgar the Twirler (level 12, -9/111 HPs)
             Began as a Troll Berserker on Mar 16, 2022.
             Was a Priest of Trog.
             Mangled by a hell knight
             ... wielding a +2 halberd of flaming
              (20 damage)
             ... while paralysed by an ogre mage
             ... in a volcano.
             The game lasted 01:13:40 (9050 turns).

Hrothgar the Twirler (Troll Berserker)              Turns: 9050, Time: 01:13:41

Health: -9/111     AC: 13    Str: 28    XL:     12   Next: 0%
Magic:  11/11      EV:  1    Int:  7    God:    Trog [***...]
Gold:   384        SH:  0    Dex: 13    Spells: 11/11 levels left

rFire   + . .      SeeInvis .   B - +5 hand axe of the Boiling Point {drain, Fragile rPois rN+ Int+4}
rCold   + . .      Faith    .   p - +1 tower shield
rNeg    + . .      Spirit   .   g - quicksilver dragon scales
rPois   +          Reflect  .   (helmet restricted)
rElec   .          Harm     .   (no cloak)
rCorr   .          Rampage  .   (gloves unavailable)
Will    +....                   (boots unavailable)
Stlth   ++........              i - amulet of the acrobat
HPRegen 1.08/turn               c - +4 ring of evasion
MPRegen 0.12/turn               u - ring of protection from fire

@: paralysed, on berserk cooldown, slowed
A: large, unfitting armour, claws 3, regeneration 1, shaggy fur 1, tough skin 1,
horns 2, cold resistance 1
a: Renounce Religion, Berserk, Trog's Hand


You were in a volcano.
You worshipped Trog.
Trog was most pleased with you.
You visited 3 branches of the dungeon, and saw 13 of its levels.
You also visited: Volcano.

You collected 680 gold pieces.
You spent 296 gold pieces at shops.

Inventory:

Hand Weapons
 b - a +4 lajatang of electrocution
 w - a +0 hand crossbow of venom
 z - a +0 shortbow
 B - the +5 hand axe of the Boiling Point (weapon) {drain, Fragile rPois rN+ Int+4}
   (You found it on level 7 of the Dungeon)

   A truly terrible weapon, it drains the life of any living foe it strikes.
   Int:       It affects your intelligence (+4).
   rPois:     It protects you from poison.
   rN:        It protects you from negative energy.
   Fragile:   It will be destroyed if unequipped.
 D - a +0 hunting sling
Missiles
 s - 75 bolts
 y - 51 sling bullets
 A - 119 arrows
 J - 2 boomerangs (quivered)
Armour
 a - a +1 animal skin
 g - quicksilver dragon scales (worn)
 p - a +1 tower shield (worn)
Jewellery
 c - a +4 ring of evasion (left claw)
 i - an amulet of the acrobat (around neck)
 u - a ring of protection from fire (right claw)
 K - a ring of protection from fire
Wands
 e - a wand of charming (1)
 o - a wand of digging (5)
 x - a wand of flame (5)
Scrolls
 d - a scroll of silence
 f - 2 scrolls of vulnerability
 j - 2 scrolls of holy word
 q - a scroll of amnesia
 v - a scroll of enchant weapon
 H - a scroll of magic mapping
Potions
 h - a potion of heal wounds {unknown}
 k - a potion of haste {unknown}
 l - a potion of lignification {unknown}
 m - a potion of magic {unknown}
 n - 4 potions of curing {unknown}
 r - 3 potions of brilliance
 t - a potion of flight {unknown}
 C - a potion of degeneration {unknown}
 L - a potion of attraction {unknown}
Miscellaneous
 F - a box of beasts (inert)


   Skills:
 * Level 5.6 Fighting
 * Level 4.5(5.4) Axes
 * Level 4.4(7.2) Polearms
 * Level 7.3(7.9) Staves
 * Level 2.4 Bows
 * Level 2.5 Crossbows
 * Level 5.1 Throwing
 * Level 4.9 Armour
 * Level 5.3 Dodging
 * Level 3.1 Stealth
 * Level 3.3 Shields
 * Level 6.2 Unarmed Combat


You had 11 spell levels left.
You didn't know any spells.
Your spell library was empty.

Dungeon Overview and Level Annotations

Branches:
Dungeon (9/15)             Temple (1/1) D:7            Lair (3/6) D:9
  Snake (0/4) Lair:3          Orc (0/2) D:9         Volcano (1/1)
  Swamp: Lair:2-4    Shoals: Lair:2-4

Altars:
Ashenzari
Cheibriados
Dithmenos
Elyvilon
Fedhas
Gozag
Hepliaklqana
Makhleb
Nemelex Xobeh
Okawaru
Qazlal
Ru
Sif Muna
Trog
Uskayaw
Vehumet
Wu Jian
Xom
Yredelemnul
Zin
The Shining One

Shops:
D:1 *   D:6 !   D:8 (

Annotations:
Lair:3 Nergalle


Innate Abilities, Weirdness & Mutations

You are too large for most types of armour.
You have claws for hands.
Your natural rate of healing is unusually fast.
You are covered in fur. (AC +1)
You have tough skin. (AC +1)
You have a pair of horns on your head.
Your flesh is cold resistant. (rC+)


Message History

The two-headed ogre shouts in stereo!
The hell knight shouts!
Unknown command.
Press: ? - help, v - describe, . - travel
Here: a hell knight, wielding a +2 halberd of flaming and wearing a +0 chain mail of fire resistance (fire blocked by a translucent stone wall)
The floor.
You are no longer berserk.
You are exhausted.
You feel yourself slow down.
There is a large open door here.
The air gets thick with the scent of sulphur.
In the distance, the volcano erupts with a roar.
You suddenly lose the ability to move!
The two-headed ogre hits you with a +0 giant club of flaming!!
The two-headed ogre burns you.
The two-headed ogre hits you with a +0 giant club of flaming!
The two-headed ogre burns you.
The hell knight mumbles some strange words.
The hell knight seems to speed up.
Something hits you but does no damage.
The two-headed ogre hits you with a +0 giant club of flaming.
The two-headed ogre burns you.
The two-headed ogre hits you with a +0 giant club of flaming!
The two-headed ogre burns you. Something hits you but does no damage.
The two-headed ogre hits you with a +0 giant club of flaming!
The two-headed ogre hits you with a +0 giant club of flaming.
The two-headed ogre burns you.
The two-headed ogre hits you with a +0 giant club of flaming!
* * * LOW HITPOINT WARNING * * *
The two-headed ogre burns you.
* * * LOW HITPOINT WARNING * * *
The two-headed ogre hits you with a +0 giant club of flaming!
* * * LOW HITPOINT WARNING * * *
The two-headed ogre burns you.
* * * LOW HITPOINT WARNING * * *
Something hits you.
* * * LOW HITPOINT WARNING * * *
The hell knight completely misses you.
The hell knight hits you from afar with a +2 halberd of flaming!!
You die...

#8≈≈≈8#...#
+..≈..'..##
+.....)..#≈≈ ≈#
#8...8#.##§≈
≈≈###.....###§≈≈
≈≈§§§.....§≈§§≈#
§§§§§8.{p8§§≈≈##
§≈≈≈≈..OO§≈≈###
##§≈§..@.§§≈#
#§≈≈8...8≈##
####.....##
#.....# #8...8#
#.....# #.....#
#8...8# #.....#


You could see a hell knight (fast) and 2 two-headed ogres.

Vanquished Creatures
  A two-headed ogre (Volcano)
  2 death yaks (Lair:3)
  A manticore (D:9)
  2 black mambas
  An unseen horror (D:8)
  7 cane toads
  4 komodo dragons
  A hornet (D:9)
  4 blink frogs (Lair:2)
  A shadow (D:7)
  A wyvern (D:8)
  4 yaks (Lair:1)
  A basilisk (Lair:1)
  A wraith (D:9)
  6 water moccasins
  3 ice beasts
  2 sky beasts (D:6)
  5 black bears (Lair:2)
  4 orc warriors (D:9)
  A hornet zombie (D:7)
  3 necrophages
  A centaur (D:7)
  3 wolves (Lair:1)
  2 phantoms
  2 kobold brigands
  6 bullfrogs
  2 gnoll sergeants
  2 wyvern zombies (D:7)
  2 scorpions
  A water moccasin zombie (D:5)
  A water moccasin skeleton (D:3)
  3 wights (D:8)
  2 bullfrog zombies
  A hound (D:5)
  3 orc priests
  A bullfrog skeleton (D:5)
  3 jellies
  2 gnoll shamans (D:7)
  A centaur skeleton (D:7)
  4 iguanas
  3 orc wizards
  Terence (D:2)
  A howler monkey zombie (D:8)
  A mummy (D:9)
  21 gnolls
  6 adders
  2 shadow imps (D:6)
  An ufetubus (D:6)
  An adder zombie (D:5)
  A worm (D:2)
  3 dart slugs
  21 orcs
  10 ball pythons
  7 endoplasms
  2 giant cockroaches
  7 goblins
  10 hobgoblins
  17 kobolds
  3 quokkas
  4 bats
  4 frilled lizards
  8 rats
231 creatures vanquished.

Vanquished Creatures (collateral kills)
  A hydra (Lair:2)
  A boulder beetle (D:9)
  A two-headed ogre (D:8)
  A tengu warrior (D:9)
  A black bear (Lair:2)
5 creatures vanquished.

Vanquished Creatures (others)
  A worm (D:3)
  3 fungi
  11 plants
15 creatures vanquished.

Grand Total: 251 creatures vanquished

Notes
Turn   | Place    | Note
-------+----------+-------------------------------------------
     0 | D:1      | Hrothgar the Troll Berserker began the quest for the Orb.
     0 | D:1      | Reached XP level 1. HP: 22/22 MP: 0/0
    62 | D:1      | Identified a scroll of acquirement
    62 | D:1      | Acquired a +3 lajatang of electrocution
   105 | D:1      | Reached XP level 2. HP: 29/29 MP: 1/1
   155 | D:1      | Found Giremar's General Store.
   244 | D:1      | Reached XP level 3. HP: 31/36 MP: 2/2
   282 | D:1      | Reached ** piety under Trog
   313 | D:1      | Reached skill level 1 in Staves
   822 | D:1      | Bought a scroll of identify for 26 gold pieces
   913 | D:2      | Noticed Terence
   914 | D:2      | Killed Terence
   915 | D:2      | Reached XP level 4. HP: 44/44 MP: 3/3
   970 | D:2      | Found an ornate altar of the Wu Jian Council.
  1453 | D:3      | Reached skill level 2 in Staves
  1453 | D:3      | Reached XP level 5. HP: 47/52 MP: 4/4
  1582 | D:3      | Gained mutation: You are frail. (-10% HP) [potion of
                  | mutation]
  1582 | D:3      | Gained mutation: You heal very quickly. [potion of
                  | mutation]
  1582 | D:3      | Gained mutation: You are partially covered in iridescent
                  | scales. (AC +2) [potion of mutation]
  1704 | D:3      | Noticed a phantom
  1708 | D:3      | Reached skill level 1 in Armour
  1713 | D:3      | Reached *** piety under Trog
  1723 | D:3      | Killed a phantom
  1724 | D:3      | Reached XP level 6. HP: 54/54 MP: 5/5
  2268 | D:4      | Reached skill level 1 in Throwing
  2275 | D:4      | Found a white marble altar of Elyvilon.
  2338 | D:4      | Reached skill level 3 in Staves
  2412 | D:4      | Reached skill level 1 in Polearms
  2667 | D:4      | Reached skill level 1 in Stealth
  2981 | D:5      | Entered Level 5 of the Dungeon
  2999 | D:5      | Reached XP level 7. HP: 60/60 MP: 6/6
  3072 | D:5      | Reached skill level 4 in Staves
  3288 | D:5      | Found a basalt altar of Yredelemnul.
  3290 | D:5      | Noticed a profane servitor
  3307 | D:5      | Found a glowing golden altar of the Shining One.
  3309 | D:5      | Noticed an angel
  3419 | D:6      | Reached XP level 8. HP: 67/67 MP: 7/7
  3556 | D:6      | Found Roloep's Distillery.
  3568 | D:6      | Bought a potion of mutation for 88 gold pieces
  3568 | D:6      | Bought 2 potions of berserk rage for 110 gold pieces
  3568 | D:6      | Lost mutation: You are frail. (-10% HP) [potion of
                  | mutation]
  3568 | D:6      | Lost mutation: You are partially covered in iridescent
                  | scales. (AC +2) [potion of mutation]
  3568 | D:6      | Lost mutation: You heal very quickly. [potion of mutation]
  3568 | D:6      | Gained mutation: You have a pair of small horns on your
                  | head. [potion of mutation]
  3568 | D:6      | Gained mutation: You expend magic power (3 MP) to
                  | strengthen your wands. [potion of mutation]
  3568 | D:6      | Gained mutation: You have hidden genetic potential. [potion
                  | of mutation]
  3568 | D:6      | Gained mutation: Your flesh is cold resistant. (rC+)
                  | [potion of mutation]
  3702 | D:6      | Reached skill level 5 in Staves
  3891 | D:6      | Lost mutation: You have a pair of small horns on your head.
                  | [potion of mutation]
  3891 | D:6      | Lost mutation: You expend magic power (3 MP) to strengthen
                  | your wands. [potion of mutation]
  4247 | D:7      | Reached **** piety under Trog
  4329 | D:7      | Reached XP level 9. HP: 84/84 MP: 8/8
  4353 | D:7      | Gained mutation: You have a pair of small horns on your
                  | head. [hidden potential]
  4390 | D:7      | Found a staircase to the Ecumenical Temple.
  4413 | D:7      | Reached skill level 6 in Staves
  4418 | Temple   | Entered the Ecumenical Temple
  4794 | D:7      | Identified the +5 hand axe of the Boiling Point {drain,
                  | Fragile rPois rN+ Int+4}
  4953 | D:8      | Noticed a two-headed ogre
  4962 | D:8      | Killed a two-headed ogre
  4963 | D:8      | Reached skill level 1 in Crossbows
  4963 | D:8      | Reached skill level 5 in Unarmed Combat
  5005 | D:8      | Identified the +4 ring mail of Xypeib {rPois Int-2 SInv
                  | Stlth+}
  5175 | D:8      | Reached skill level 1 in Axes
  5224 | D:8      | Killed an unseen horror
  5225 | D:8      | Reached XP level 10. HP: 94/94 MP: 9/9
  5310 | D:8      | Found Ugomnoj's Weapon Emporium.
  5341 | D:8      | Bought 30 bolts for 72 gold pieces
  5385 | D:8      | Reached skill level 1 in Bows
  5972 | D:9      | Gained mutation: You have a pair of horns on your head.
                  | [hidden potential]
  5972 | D:9      | Lost mutation: You have hidden genetic potential. [hidden
                  | potential expressed]
  5987 | D:9      | Noticed a boulder beetle
  6026 | D:9      | Killed a boulder beetle
  6029 | D:9      | Noticed a tengu warrior
  6037 | D:9      | Killed a tengu warrior
  6090 | D:9      | Found a staircase to the Lair.
  6105 | D:9      | Found a bloodstained altar of Trog.
  6223 | D:9      | Paralysed by a hornet for 3 turns
  6228 | D:9      | Reached skill level 1 in Shields
  6280 | D:9      | Found a snail-covered altar of Cheibriados.
  6551 | D:9      | Found a staircase to the Orcish Mines.
  6678 | D:9      | Noticed a manticore
  6687 | D:9      | Killed a manticore
  6984 | Lair:1   | Entered Level 1 of the Lair of Beasts
  7111 | Lair:1   | Noticed a cane toad
  7111 | Lair:1   | Noticed a cane toad
  7122 | Lair:1   | Killed a cane toad
  7122 | Lair:1   | Killed a cane toad
  7123 | Lair:1   | Reached skill level 7 in Staves
  7171 | Lair:1   | Reached skill level 5 in Fighting
  7352 | Lair:1   | Reached XP level 11. HP: 93/102 MP: 10/10
  8048 | Lair:2   | Reached skill level 5 in Dodging
  8286 | Lair:2   | Noticed a seven-headed hydra
  8300 | Lair:2   | Killed an 11-headed hydra
  8474 | Lair:2   | HP: 3/104 [komodo dragon (17)]
  8494 | Lair:2   | HP: 2/104 [komodo dragon (22)]
  8857 | Lair:3   | Noticed a death yak
  8859 | Lair:3   | Noticed a death yak
  8865 | Lair:3   | Noticed a death yak
  8866 | Lair:3   | Noticed a death yak
  8868 | Lair:3   | Noticed a death yak
  8878 | Lair:3   | Killed a death yak
  8878 | Lair:3   | Killed a death yak
  8878 | Lair:3   | Noticed a death yak
  8879 | Lair:3   | Reached skill level 5 in Throwing
  8919 | Lair:3   | Noticed Nergalle
  8921 | Lair:3   | Found a dark tunnel.
  8927 | Volcano  | Entered a volcano
  8957 | Volcano  | Noticed an ogre mage
  9026 | Volcano  | Found a radiant altar of Vehumet.
  9029 | Volcano  | Noticed a two-headed ogre
  9033 | Volcano  | Killed a two-headed ogre
  9034 | Volcano  | Reached XP level 12. HP: 111/111 MP: 11/11
  9036 | Volcano  | Noticed a two-headed ogre
  9037 | Volcano  | Noticed a two-headed ogre
  9045 | Volcano  | Paralysed by something for 6 turns
  9050 | Volcano  | Mangled by a hell knight

Illustrated notes

Levels and vault maps discovered:
D:1:      dpeg_arrival_central, layout_basic, serial_shops, shop,
          minmay_box_of_dots
D:2:      cheibrodos_helix_gallery, layout_basic, basic_altar,
          roderic_roman_lattice, uniq_terence
D:3:      layout_loops_cross, lemuel_old_faithful
D:4:      layout_loops_ring, mainiacjoe_overflow_six_doors_small
D:5:      layout_rooms, grunt_temple_overflow_holy_war
D:6:      layout_basic, serial_shops, nicolae_lakefront_shop
D:7:      layout_rooms, minmay_temple_entry_waves
D:8:      layout_loops_corners, serial_shops, shop_statue, dk_noncrumbling_3,
          minmay_manual_maat
D:9:      minmay_diamond_stairs, layout_long_grid, bloody_trog, slow_altar_2,
          dpeg_oklobed_lair, david_orc_4
Temple:   regret_index_temple_sphere_string
Lair:1:   layout_hall_layers
Lair:2:   layout_regular_city, st_stairs_7, beast_lair_carwin_8,
          lemuel_fruit_tree
Lair:3:   hangedman_what_comes_after_a, layout_regular_city,
          guppyfry_snake_entry_island, enter_volcano_4, uniq_nergalle
Volcano:  kennysheep_volcano_temple

Skill      XL: |  1  2  3  4  5  6  7  8  9 10 11 |
---------------+----------------------------------+-----
Staves         | 1 2 3 4 5 6 7 |  7.3
Armour         | 1 2 3 4 |  4.9
Fighting       | 3 4 5 |  5.6
Dodging        | 3 4 5 |  5.3
Throwing       | 1 2 4 5 |  5.1
Polearms       | 1 2 3 4 |  4.4
Stealth        | 1 2 3 |  3.1
Unarmed Combat | 4 5 6 |  6.2
Crossbows      | 1 2 |  2.5
Axes           | 1 3 4 |  4.5
Bows           | 1 2 |  2.4
Shields        | 1 3 |  3.3

Action                   |  1- 3 |  4- 6 |  7- 9 | 10-12 || total
-------------------------+-------+-------+-------+-------++-------
Melee: Lajatang          |    68 |   131 |   146 |       ||   345
       Unarmed           |     8 |       |       |       ||     8
       Headbutt          |       |       |     9 |    48 ||    57
       Hand axe          |       |       |    41 |   255 ||   296
       Punch             |       |       |     2 |     1 ||     3
 Fire: Hand crossbow     |       |       |    12 |       ||    12
Throw: Large rock        |     7 |     2 |       |       ||     9
       Dart              |     1 |    10 |     7 |       ||    18
       Boomerang         |       |       |    50 |    50 ||   100
       Throwing net      |       |       |       |     3 ||     3
Invok: Berserk           |       |     1 |     1 |     6 ||     8
       Brothers in Arms  |       |       |     1 |     4 ||     5
Evoke: Wand              |       |       |       |     4 ||     4
       Box of beasts     |       |       |       |     1 ||     1
  Use: Scroll            |     2 |     3 |     5 |    10 ||    20
       Potion            |       |     2 |     3 |     4 ||     9
 Stab: Sleeping          |     2 |       |     2 |       ||     4
       Distracted        |       |       |       |     1 ||     1
Armor: Animal skin       |    22 |     9 |       |       ||    31
       Quicksilver drago |       |    41 |    84 |   102 ||   227
Dodge: Dodged            |    51 |    88 |   199 |   162 ||   500
Block: Tower shield      |       |       |       |   232 ||   232
